 Dungeon Crawl Stone Soup version 0.30-a0-283-gf371ce1921 (webtiles) character file.

Game seed: 9609979030444678217

371 Harunobu the Trooper (level 6, -1/57 HPs)
             Began as a Minotaur Monk on Oct 17, 2022.
             Splashed by a jelly's acid (9 damage)
             ... on level 4 of the Dungeon.
             The game lasted 00:05:31 (3134 turns).

Harunobu the Trooper (Minotaur Monk)                Turns: 3134, Time: 00:05:32

Health: -1/57      AC:  9    Str: 17    XL:     6   Next: 42%
Magic:  5/5        EV:  4    Int:  7    God:
Gold:   106        SH: 10    Dex: 13    Spells: 5/5 levels left

rFire   . . .      SeeInvis .    k - +2 dagger (venom)
rCold   . . .      Faith    .    q - +0 tower shield
rNeg    . . .      Spirit   .    u - +0 chain mail
rPois   .          Reflect  .    (helmet restricted)
rElec   .          Harm     .    o - scarf {shadows}
rCorr   .          Rampage  .    (no gloves)
Will    .....                    n - +0 pair of boots
Stlth   ..........               (no amulet)
HPRegen 0.29/turn                (no ring)
MPRegen 0.09/turn                (no ring)

@: lethally poisoned (-1 -> -5)
A: horns 2, retaliatory headbutt
a: no special abilities


You were on level 4 of the Dungeon.
You visited 1 branch of the dungeon, and saw 4 of its levels.

You collected 106 gold pieces.

Inventory:

Hand Weapons
 j - a +1 dagger of flaming
 k - a +2 dagger of venom (weapon)
Armour
 n - a +0 pair of boots (worn)
 o - a scarf of shadows (worn)
 q - a +0 tower shield (worn)
 u - a +0 chain mail (worn)
Jewellery
 a - an amulet of the acrobat
Wands
 t - a wand of roots (10)
Scrolls
 f - a scroll of torment {unknown}
 g - 5 scrolls of identify {unknown}
 h - 3 scrolls of blinking {unknown}
 i - a scroll of enchant weapon {unknown}
 m - 2 scrolls of teleportation {unknown}
Potions
 c - a potion of ambrosia
 d - a potion of heal wounds
 e - a potion of might {unknown}
 p - a potion of berserk rage {unknown}
 r - 2 potions of curing {unknown}
 s - a potion of lignification {unknown}


   Skills:
 + Level 5.9 Fighting
 - Level 3.6 Maces & Flails
 + Level 5.3 Dodging
 + Level 3.7 Stealth


You had 5 spell levels left.
You didn't know any spells.
Your spell library contained the following spells:

 Spells                   Type           Power      Damage    Failure   Level
 Beastly Appendage        Tmut           0%         N/A       100%        1
 Wereblood                Tmut           0%         N/A       100%        2
 Gell's Gravitas          Tloc           0%         N/A       100%        3
 Spider Form              Tmut/Pois      0%         N/A       100%        3
 Teleport Other           Tloc           0%         N/A       100%        3
 Dispersal                Tloc           0%         N/A       100%        6


Dungeon Overview and Level Annotations

Branches:
Dungeon (4/15)
 Temple: D:4-7

Altars:
Hepliaklqana

Shops:
D:3 [


Innate Abilities, Weirdness & Mutations

You have a pair of horns on your head.
You reflexively headbutt those who attack you in melee.


Message History

The water moccasin is moderately wounded.
The water moccasin barely misses you. You block the water moccasin's attack.
You hit the water moccasin.
The water moccasin is moderately wounded.
The water moccasin bites you but does no damage. x2
You miss the water moccasin. You headbutt the water moccasin.
The water moccasin is moderately wounded.
The water moccasin bites you but does no damage.
You block the water moccasin's attack.
You miss the water moccasin.
The water moccasin is moderately wounded.
The water moccasin bites you.
You are poisoned.
The water moccasin poisons you! The water moccasin bites you.
You are more poisoned.
The water moccasin poisons you!
You hit the water moccasin.
The water moccasin is poisoned.
The water moccasin is heavily wounded.
You feel extremely sick.
You block the water moccasin's attack. x2
The water moccasin attacks as you move away!
The water moccasin bites you but does no damage.
You feel very sick. You block the water moccasin's attack.
You feel very sick.
The water moccasin attacks as you move away!
You block the water moccasin's attack.
You feel very sick. The water moccasin bites you!
You feel very sick.
You hit the water moccasin. You headbutt the water moccasin!
You kill the water moccasin!
You feel very sick.
You hit the jelly.
Your hands burn!
* * * LOW HITPOINT WARNING * * *
The jelly is lightly wounded.
You feel sick. The jelly hits you.
* * * LOW HITPOINT WARNING * * *
You are splashed with acid!
You die...

.... #.## #..#
#.## #..# ....
#.. #... ### #.#
####
....#####.#####
#.............
####J########.
#@# #.#####
#.#...##
#..###.##
#.#####.#
#....##.#
#.##.##.#
##.#.#.#### ####
##)......#####...


You could see a jelly.

Vanquished Creatures
  A water moccasin (D:4)
  A hound (D:4)
  2 orc wizards
  3 gnolls (D:3)
  6 adders
  A worm (D:2)
  4 dart slugs
  5 orcs
  9 ball pythons
  3 bats
  11 endoplasms
  3 giant cockroaches
  4 goblins
  4 hobgoblins
  11 jackals
  8 kobolds
  3 quokkas
  2 frilled lizards (D:1)
  9 rats
90 creatures vanquished.

Notes
Turn   | Place    | Note
-------+----------+-------------------------------------------
     0 | D:1      | Harunobu the Minotaur Monk began the quest for the Orb.
     0 | D:1      | Reached XP level 1. HP: 19/19 MP: 0/0
   208 | D:1      | Reached XP level 2. HP: 27/27 MP: 1/1
   649 | D:1      | Reached XP level 3. HP: 33/33 MP: 2/2
  1289 | D:2      | Found a hazy altar of Hepliaklqana.
  1593 | D:2      | Reached XP level 4. HP: 41/41 MP: 3/3
  2110 | D:3      | Found Muegugif's Antique Armour Boutique.
  2301 | D:3      | Identified the +1 ring mail of the Five Lovers {rF- rN+
                  | SInv}
  2401 | D:3      | Reached skill level 5 in Fighting
  2422 | D:3      | Reached XP level 5. HP: 39/48 MP: 4/4
  3002 | D:4      | Reached skill level 5 in Dodging
  3077 | D:4      | Reached XP level 6. HP: 54/56 MP: 5/5
  3120 | D:4      | Noticed a water moccasin
  3133 | D:4      | Killed a water moccasin
  3134 | D:4      | Splashed by a jelly's acid

Illustrated notes

Levels and vault maps discovered:
D:1:      nagdon_arrival_double_spiral, layout_basic, serial_corexii_hall,
          corexii_hall_statues_i, corexii_hall_statues_i
D:2:      layout_loops_ring, basic_altar, serial_glass, glass_columns_b,
          glass_columns_a
D:3:      layout_loops_ring, serial_shops, nicolae_diamond_shop,
          minmay_misc_feat_diagonals
D:4:      layout_loops_ring, uniq_sigmund

Skill      XL: |  1  2  3  4  5 |
---------------+----------------+-----
Stealth        | 2 3 |  3.7
Fighting       | 4 5 |  5.9
Dodging        | 4 5 |  5.3
Maces & Flails | |  3.6

Action                   |  1- 3 |  4- 6 || total
-------------------------+-------+-------++-------
Melee: Mace              |    14 |       ||    14
       Headbutt          |    17 |    25 ||    42
       Dagger            |    78 |   102 ||   180
  Use: Potion            |     1 |       ||     1
 Stab: Sleeping          |     1 |       ||     1
Armor: Robe              |    10 |       ||    10
       Scale mail        |    23 |    15 ||    38
       Chain mail        |       |    36 ||    36
Dodge: Dodged            |    60 |    21 ||    81
Block: Tower shield      |     4 |    68 ||    72

Table legend: (Time is in decaauts)
 A = Elapsed time spent in this place.
 B = Non-inter-level travel time spent in this place.
 C = Inter-level travel time spent in this place.
 D = Time resting spent in this place.
 E = Time spent auto-exploring this place.
 F = Levels seen in this place.
 G = Mean time per level.
                   A        B        C        D        E       F      G
               +--------+--------+--------+--------+--------+-----+--------+
         Total |   3186 |   3115 |     71 |    422 |   1883 |   4 |  796.5 |
       Dungeon |   3186 |   3115 |     71 |    422 |   1883 |   4 |  796.5 |
               +--------+--------+--------+--------+--------+-----+--------+

Top non-repeatable levels by time:
     D:1: 1166 daAuts
     D:3: 828 daAuts
     D:2: 679 daAuts
     D:4: 512 daAuts
